 Dungeon Crawl Stone Soup version 0.26-a0-1049-g242049e08c (webtiles) character file.

Game seed: 8610010422974697822

853 DerHolg the Skirmisher (level 7, -7/64 HPs)
             Began as a Minotaur Berserker on Dec 12, 2020.
             Was a Priest of Trog.
             Killed by nerve-wracking pain
             ... invoked by a shadow imp
              (13 damage)
             ... on level 4 of the Dungeon.
             The game lasted 00:14:34 (3745 turns).

DerHolg the Skirmisher (Minotaur Berserker)         Turns: 3745, Time: 00:14:35

Health: -7/64      AC: 11    Str: 21    XL:     7   Next: 70%
Magic:  6/6        EV: 12    Int:  4    God:    Trog [***...]
Gold:   276        SH:  0    Dex: 12    Spells: 6/6 levels left

rFire    . . .     SeeInvis .   a - +3 hand axe (flame)
rCold    + . .     Faith    .   (no shield)
rNeg     . . .     Spirit   .   t - +3 scale mail {rC+}
rPois    .         Reflect  .   (helmet restricted)
rElec    .         Harm     .   (no cloak)
rCorr    .         Rampage  .   (no gloves)
Will     .....                  d - +0 pair of boots
Stlth    ..........             (no amulet)
HPRegen  0.20/turn              (no ring)
MPRegen  0.10/turn              (no ring)

@: no status effects
A: retaliatory headbutt, horns 2
a: Berserk, Trog's Hand, Renounce Religion


You were on level 4 of the Dungeon.
You worshipped Trog.
Trog was most pleased with you.
You visited 1 branch of the dungeon, and saw 5 of its levels.
You also visited: Ossuary.

You collected 276 gold pieces.

Inventory:

Hand Weapons
 a - a +3 hand axe of flaming (weapon)
Armour
 d - a +0 pair of boots (worn)
 t - a +3 scale mail of cold resistance (worn)
Wands
 m - a wand of digging (2)
 s - a wand of disintegration (15)
Scrolls
 i - 4 scrolls of remove curse
 p - a scroll of enchant weapon
 q - 3 scrolls of identify
 u - a scroll of teleportation {unknown}
 v - a scroll of fear {unknown}
Potions
 c - a potion of resistance {unknown}
 e - 2 potions of brilliance {unknown}
 g - 4 potions of curing
 h - a potion of cancellation {unknown}
 j - a potion of attraction {unknown}
 k - a potion of magic {unknown}
 n - a potion of berserk rage {unknown}
 o - a potion of flight
 r - 3 potions of lignification {unknown}


   Skills:
 + Level 6.4 Fighting
 + Level 6.3 Axes
 + Level 5.6 Armour
 + Level 5.1 Dodging


You had 6 spell levels left.
You didn't know any spells.
Your spell library was empty.

Dungeon Overview and Level Annotations

Branches:
Dungeon (5/15)            Ossuary (visited)
 Temple: D:4-7

Altars:
Sif Muna
Trog
Wu Jian
Yredelemnul
The Shining One

Shops:
D:4 ?


Innate Abilities, Weirdness & Mutations

You reflexively headbutt those who attack you in melee.
You have a pair of horns on your head.


Message History

The fiery explosion engulfs the orc priest!!!
Trog accepts your kill.
The orc priest explodes!
You hear an angry hiss.
The shadow imp gestures at you. Pain shoots through your body!
* * * LOW HITPOINT WARNING * * *
Your Dodging skill increases to level 5!
An adder comes into view.
The adder hisses angrily.
The shadow imp closely misses you.
The orc wizard casts a spell.
The orc wizard blinks!
You climb upwards.
There is a stone staircase leading down here.
You barely miss the shadow imp.
The shadow imp is severely wounded.
The shadow imp gestures at you. Pain shoots through your body!
You die...

#### ##<......#..#....
###.........####... #
##..........## #... ####
##..........## #... ...##
##...........# ##..
....## ##...........##
##. .....##
##............## #.
......# ##...........#..#
##
.....)###......5@...###.#
# ..................###
#.## ........##......###
##.# ####
.......†##....###
#.###..# ........#######
#..#...# ........#
##...### ........##
##....#### .........####
##.........
.##.........###
#.#.######.


You could see a shadow imp.

Vanquished Creatures
  2 wraiths (Ossuary)
  Edmund (D:5)
  A scorpion (D:4)
  2 wights (Ossuary)
  A crimson imp (D:4)
  A hound (D:4)
  An orc priest (D:5)
  2 orc wizards (D:2)
  Terence (D:3)
  A worker ant (D:4)
  2 adders
  2 oozes
  2 adder zombies (Ossuary)
  An adder skeleton (D:2)
  2 dart slugs
  A leopard gecko (D:4)
  5 orcs
  A ball python (D:1)
  2 giant cockroaches
  9 goblins
  4 hobgoblins
  6 jackals
  5 kobolds
  A quokka (D:2)
  A ball python skeleton (Ossuary)
  5 bats
  9 frilled lizards
  3 goblin zombies (D:4)
  4 hobgoblin skeletons (Ossuary)
  4 hobgoblin zombies
  A jackal skeleton (D:4)
  2 kobold skeletons (D:4)
  3 kobold zombies (D:4)
  A leopard gecko skeleton (D:3)
  3 orc skeletons
  An orc zombie (D:4)
  3 rats (D:1)
96 creatures vanquished.

Notes
Turn   | Place    | Note
-------+----------+-------------------------------------------
     0 | D:1      | DerHolg the Minotaur Berserker began the quest for the Orb.
     0 | D:1      | Reached XP level 1. HP: 19/19 MP: 0/0
    39 | D:1      | Reached XP level 2. HP: 20/27 MP: 1/1
   435 | D:1      | Reached XP level 3. HP: 33/33 MP: 2/2
   899 | D:2      | Reached ** piety under Trog
   900 | D:2      | Reached XP level 4. HP: 26/41 MP: 3/3
  1931 | D:3      | Found a faded altar of an unknown god.
  2055 | D:3      | Reached XP level 5. HP: 47/47 MP: 4/4
  2330 | D:3      | Noticed Terence
  2337 | D:3      | Killed Terence
  2443 | D:4      | Reached skill level 5 in Fighting
  2493 | D:4      | Reached skill level 5 in Axes
  2500 | D:4      | Reached XP level 6. HP: 47/56 MP: 5/5
  2728 | D:4      | Found a sand-covered staircase.
  2738 | Ossuary  | Entered an ossuary
  2827 | Ossuary  | Noticed a wraith
  2827 | Ossuary  | Noticed a flying skull
  2838 | Ossuary  | Noticed a flying skull
  2860 | Ossuary  | Noticed a flying skull
  2867 | Ossuary  | Noticed a flying skull
  2883 | Ossuary  | Noticed a wraith
  2893 | Ossuary  | Killed a wraith
  3022 | Ossuary  | Noticed a flying skull
  3024 | Ossuary  | Noticed a wraith
  3039 | Ossuary  | Killed a wraith
  3040 | Ossuary  | Reached skill level 5 in Armour
  3040 | Ossuary  | Reached XP level 7. HP: 63/63 MP: 6/6
  3206 | D:4      | Reached *** piety under Trog
  3211 | D:4      | Found a glowing golden altar of the Shining One.
  3519 | D:4      | Found a basalt altar of Yredelemnul.
  3519 | D:4      | Found a glowing golden altar of the Shining One.
  3524 | D:4      | Found an ornate altar of the Wu Jian Council.
  3526 | D:4      | Found a shimmering blue altar of Sif Muna.
  3527 | D:4      | Found a bloodstained altar of Trog.
  3576 | D:4      | Found Yvekel's Magic Scroll Shop.
  3733 | D:5      | Entered Level 5 of the Dungeon
  3733 | D:5      | Noticed Edmund
  3742 | D:5      | Killed Edmund
  3743 | D:5      | Reached skill level 5 in Dodging
  3745 | D:4      | Killed from afar by a shadow imp

Illustrated notes

Levels and vault maps discovered:
D:1:      lemuel_arrival_broad_hall, layout_loops_ring
D:2:      layout_basic
D:3:      layout_loops_corners, chequers_ecumenical_altar_simple_redux,
          uniq_terence
D:4:      layout_cave_pods, chequers_temple_overflow_minitemple, serial_shops,
          shop, portal_sewer_entry_e, lightli_ossuary_entry_decrepit_ruins,
          nicolae_tso_besieged_by_evil
D:5:      layout_rooms, makhleb_blood_cavern_becter,
          nicolae_qazlal_general_emergency, uniq_menkaure, uniq_edmund

Skill      XL: |  1  2  3  4  5  6  7 |
---------------+----------------------+-----
Fighting       | 4 5 6 |  6.4
Axes           | 4 5 6 |  6.3
Armour         | 3 4 5 |  5.6
Dodging        | 3 4 5 |  5.1

Action                   |  1- 3 |  4- 6 |  7- 9 || total
-------------------------+-------+-------+-------++-------
Melee: Hand axe          |    74 |   111 |    28 ||   213
       Headbutt          |    10 |    15 |     6 ||    31
Invok: Berserk           |     1 |     2 |       ||     3
  Use: Scroll            |       |     6 |     3 ||     9
       Potion            |       |     2 |       ||     2
Armor: Animal skin       |     5 |       |       ||     5
       Chain mail        |    29 |    17 |       ||    46
       Scale mail        |       |    16 |    11 ||    27
Dodge: Dodged            |    34 |    57 |    10 ||   101

Table legend: (Time is in decaauts)
 A = Elapsed time spent in this place.
 B = Non-inter-level travel time spent in this place.
 C = Inter-level travel time spent in this place.
 D = Time resting spent in this place.
 E = Time spent auto-exploring this place.
 F = Levels seen in this place.
 G = Mean time per level.
                   A        B        C        D        E       F      G
               +--------+--------+--------+--------+--------+-----+--------+
         Total |   3821 |   3740 |     81 |    309 |   2720 |   6 |  636.8 |
       Dungeon |   3361 |   3280 |     81 |    261 |   2440 |   5 |  672.2 |
       Ossuary |    459 |    459 |      0 |     48 |    280 |   1 |  459.0 |
               +--------+--------+--------+--------+--------+-----+--------+

Top non-repeatable levels by time:
     D:3: 911 daAuts
     D:4: 906 daAuts
     D:1: 855 daAuts
     D:2: 677 daAuts
 Ossuary: 459 daAuts
     D:5: 10 daAuts
